 Dungeon Crawl Stone Soup version 0.29.1-12-g30fa7ad0bf (webtiles) character file.

Game seed: 17119453871099851081

952 safid the Frost Mage (level 8, 0/52 HPs)
             Began as a Merfolk Ice Elementalist on Jan 3, 2023.
             Was a Follower of Sif Muna.
             Slain by an ice beast (2 damage)
             ... on level 5 of the Dungeon.
             The game lasted 00:15:34 (5883 turns).

safid the Frost Mage (Merfolk Ice Elementalist)     Turns: 5883, Time: 00:15:35

Health: 0/52       AC:  3    Str:  8    XL:     8   Next: 13%
Magic:  8/17       EV: 12    Int: 17    God:    Sif Muna [*.....]
Gold:   218        SH:  0    Dex: 14    Spells: 15/19 levels left

rFire   . . .      SeeInvis .   i - +0 short sword
rCold   . . .      Faith    .   (no shield)
rNeg    . . .      Spirit   .   a - +0 robe
rPois   .          Reflect  .   y - +0 helmet
rElec   .          Harm     .   (no cloak)
rCorr   .          Rampage  .   (no gloves)
Will    .....                   (no boots)
Stlth   ++........              s - amulet of regeneration
HPRegen 0.97/turn               (no ring)
MPRegen 0.15/turn               (no ring)

@: no status effects
A: (nimble swimmer 2), mertail, screaming 1
a: Renounce Religion, Channel Magic


You were on level 5 of the Dungeon.
You worshipped Sif Muna.
Sif Muna was aware of your devotion.
You visited 1 branch of the dungeon, and saw 5 of its levels.

You collected 218 gold pieces.

Inventory:

Hand Weapons
 i - a +0 short sword (weapon)
Missiles
 k - 4 poisoned darts (quivered)
Armour
 a - a +0 robe (worn)
 y - a +0 helmet (worn)
Jewellery
 s - an amulet of regeneration (around neck)
Scrolls
 c - a scroll of enchant armour {unknown}
 d - a scroll of fear {unknown}
 e - 2 scrolls of blinking {unknown}
 f - 2 scrolls of amnesia {unknown}
 h - a scroll of vulnerability {unknown}
 j - a scroll of acquirement {unknown}
 o - a scroll of noise
 p - 8 scrolls of identify {unknown}
 r - 2 scrolls of teleportation {unknown}
 u - a scroll of enchant weapon {unknown}
 w - a scroll of poison {unknown}
 x - a scroll of fog {unknown}
Potions
 b - a potion of magic
 g - a potion of might {unknown}
 l - 3 potions of curing
 m - 2 potions of berserk rage {unknown}
 n - 2 potions of cancellation
 q - a potion of attraction {unknown}
 t - 2 potions of mutation
 v - a potion of invisibility {unknown}


   Skills:
 - Level 2.6 Dodging
 - Level 2.1 Stealth
 + Level 6.1 Spellcasting
 + Level 8.3 Ice Magic


You had 15 spell levels left.
You knew the following spells:

 Your Spells              Type           Power      Damage    Failure   Level
a - Freeze                Ice            100%       1d11      1%          1
b - Frozen Ramparts       Ice            66%        1d10      1%          3

Your spell library contained the following spells:

 Spells                   Type           Power      Damage    Failure   Level
 Ozocubu's Armour         Ice            33%        N/A       1%          3
 Hailstorm                Conj/Ice       19%        3d6       22%         4


Dungeon Overview and Level Annotations

Branches:
Dungeon (5/15)             Temple (0/1) D:4

Altars:
Kikubaaqudgha
Sif Muna
Trog
Xom
Zin

Shops:
D:4 *

Annotations:
D:3 3 runed translucent doors, Crazy Yiuf


Innate Abilities, Weirdness & Mutations

((You are very nimble when in or above water. (Stealth+, EV+, Speed+++)))
Your lower body shifts to a powerful aquatic tail in water.
You occasionally shout uncontrollably at your foes.


Message History

Aiming: Freeze (safe; 1% risk of failure)
Press: ? - help, Shift-Dir - straight line, f/p - ice beast
Aim: an ice beast You freeze the ice beast but do no damage.
The ice beast completely resists.
The ice beast hits you. The ice beast freezes you!
Unknown command.
You barely miss the ice beast.
A scorpion comes into view.
The ice beast closely misses you.
The scorpion moves out of view.
Throw: 5 darts (poison)
Press: ? - help, Q - select action, (/) - cycle Shift-Dir - straight line, f/p - ice beast
Aim: an ice beast (57% to hit)
You throw a poisoned dart. The poisoned dart hits the ice beast.
The ice beast hits you. The ice beast freezes you.
Unknown command.
You hit the ice beast but do no damage. The ice beast hits you.
The ice beast freezes you!
You hit the ice beast but do no damage. The ice beast hits you.
The ice beast freezes you.
* * * LOW HITPOINT WARNING * * *
It was a potion of curing.
You feel better. The ice beast hits you. The ice beast freezes you!
* * * LOW HITPOINT WARNING * * *
It was a potion of cancellation.
You feel magically purged.
The ice beast hits you but does no damage.
It was a potion of mutation.
You feel extremely strange.
You feel the urge to shout. The ice beast hits you.
* * * LOW HITPOINT WARNING * * *
The ice beast freezes you!
* * * LOW HITPOINT WARNING * * *
Unknown command.
Okay, then.
As you read the scroll labelled MEMAFFUACI, it crumbles to dust.
You hear a loud clanging noise!
It was a scroll of noise.
You hear a bark!
You hear an angry hiss.
The ice beast hits you.
You die...

.............)...# .# #
####.####....###.# ...
....#.# #.##.# #.#
#.#.#..#.# #.##..##.##
.......#.# #.###......
#.#.#..#.# #.# ###...#
......#.# #.# #....
#.#Y.#.# #.# #...#
####..@#.# #####....
..........# #.......#
..........# ..........
..........####.#.###...#
................. ##...#
..........####.# #....#
...............#. #....#
.########......#.##...†#
#..............#


You could see an ice beast.

Vanquished Creatures
  A black bear (D:5)
  An ogre (D:5)
  A bullfrog (D:5)
  2 scorpions (D:5)
  A howler monkey (D:5)
  4 hounds (D:4)
  2 jellies (D:4)
  An orc priest (D:4)
  3 iguanas
  2 orc wizards (D:5)
  3 gnolls (D:3)
  9 adders
  A white imp (D:5)
  A worm (D:2)
  14 orcs
  6 bats
  6 endoplasms
  4 giant cockroaches
  8 goblins
  11 hobgoblins
  2 quokkas
  7 ball pythons
  3 frilled lizards
  8 kobolds
  8 rats
109 creatures vanquished.

Vanquished Creatures (others)
  2 fungi (D:3)
2 creatures vanquished.

Grand Total: 111 creatures vanquished

Notes
Turn   | Place    | Note
-------+----------+-------------------------------------------
     0 | D:1      | safid the Merfolk Ice Elementalist began the quest for the
                  | Orb.
     0 | D:1      | Reached XP level 1. HP: 13/13 MP: 3/3
   427 | D:1      | Reached XP level 2. HP: 19/19 MP: 0/5
  1349 | D:2      | Found a faded altar of an unknown god.
  1497 | D:2      | Reached XP level 3. HP: 24/24 MP: 4/6
  1501 | D:2      | Learned a level 3 spell: Frozen Ramparts
  1642 | D:2      | Found a bloodstained altar of Trog.
  1648 | D:2      | Reached skill level 5 in Ice Magic
  2521 | D:3      | Reached XP level 4. HP: 20/30 MP: 3/8
  3520 | D:3      | Reached XP level 5. HP: 35/35 MP: 8/10
  3541 | D:3      | Found a large runed translucent door.
  3542 | D:3      | Found a large runed translucent door.
  3568 | D:3      | Found a shimmering altar of Xom.
  3757 | D:3      | Found a runed translucent door.
  3758 | D:3      | Noticed Crazy Yiuf
  3841 | D:4      | Found a glowing silver altar of Zin.
  3841 | D:4      | Found Zin's Purification Station.
  3913 | D:4      | Found a shimmering blue altar of Sif Muna.
  3921 | D:4      | Became a worshipper of Sif Muna the Loreminder
  4145 | D:4      | Reached skill level 6 in Ice Magic
  4308 | D:4      | Reached XP level 6. HP: 20/41 MP: 7/12
  4344 | D:4      | Found a staircase to the Ecumenical Temple.
  4646 | D:4      | Noticed an ice beast
  5019 | D:4      | Reached skill level 7 in Ice Magic
  5179 | D:5      | Entered Level 5 of the Dungeon
  5194 | D:5      | Noticed a black bear
  5214 | D:5      | Killed a black bear
  5215 | D:5      | Reached skill level 5 in Spellcasting
  5215 | D:5      | Reached XP level 7. HP: 13/46 MP: 11/14
  5217 | D:5      | Reached * piety under Sif Muna
  5454 | D:5      | Found an ancient bone altar of Kikubaaqudgha.
  5467 | D:5      | Reached skill level 8 in Ice Magic
  5528 | D:5      | Reached XP level 8. HP: 52/52 MP: 11/16
  5882 | D:5      | Gained mutation: You occasionally shout uncontrollably at
                  | your foes. [potion of mutation]
  5882 | D:5      | HP: 1/52 [ice beast (9)]
  5883 | D:5      | Slain by an ice beast

Illustrated notes

Levels and vault maps discovered:
D:1:      dpeg_arrival_circle_labyrinth_c, layout_loops_corners
D:2:      layout_loops_ring, basic_altar,
          hellmonk_ecumenical_altar_pennies_from_heaven, serial_glass,
          glass_columns_b, glass_columns_c, glass_columns_a, glass_columns_b
D:3:      layout_loops_cross, nicolae_overflow_crystal_walls,
          jmf_multi_god_temple2, kennysheep_generic_room_5,
          uniq_crazy_yiuf_cottage
D:4:      minmay_diamond_boxcup, layout_loops_corners,
          nicolae_sif_muna_condensation, zin_purify,
          minmay_temple_entry_statues, dk_noncrumbling_4
D:5:      layout_basic, nicolae_ru_path_of_blood,
          nicolae_kikubaaqudgha_miasma_corner, st_stairs_10

Skill      XL: |  1  2  3  4  5  6  7  8 |
---------------+-------------------------+-----
Ice Magic      | 5 6 7 8 |  8.3
Spellcasting   | 3 4 5 6 |  6.1
Dodging        | |  2.6
Stealth        | |  2.1

Action                   |  1- 3 |  4- 6 |  7- 9 || total
-------------------------+-------+-------+-------++-------
Melee: Short sword       |    31 |    42 |     6 ||    79
Throw: Dart              |       |       |    10 ||    10
 Cast: Freeze            |    47 |    76 |    41 ||   164
       Frozen Ramparts   |     1 |     3 |     1 ||     5
  Use: Potion            |       |       |     3 ||     3
       Scroll            |       |       |     1 ||     1
 Stab: Sleeping          |     3 |     2 |       ||     5
Armor: Robe              |    14 |    20 |     4 ||    38
Dodge: Dodged            |    39 |    88 |    18 ||   145
